 Dungeon Crawl Stone Soup version 0.31-a0-574-g69dc8cc98e (webtiles) character file.

Game seed: 17062279745992882711

54 Juicyj the Trooper (level 3, -2/33 HPs)
             Began as a Minotaur Fighter on Aug 18, 2023.
             Killed by nerve-wracking pain
             ... invoked by Grinder
              (9 damage)
             ... on level 3 of the Dungeon.
             The game lasted 00:02:26 (1621 turns).

Juicyj the Trooper (Minotaur Fighter)               Turns: 1621, Time: 00:02:28

Health: -2/33      AC:  7    Str: 22    XL:     3   Next: 66%
Magic:  2/2        EV:  9    Int:  5    God:
Gold:   120        SH:  4    Dex:  9    Spells: 2/2 levels left

rFire   . . .        a - +0 war axe
rCold   . . .        c - +0 buckler
rNeg    . . .        b - +0 scale mail
rPois   .            (helmet restricted)
rElec   .            j - scarf {repulsion}
rCorr   .            (no gloves)
SInv    .            (no boots)
Will    .....        (no amulet) Stlth
                     (no ring)
HPRegen 0.25/turn    (no ring)
MPRegen 0.08/turn

%: repel missiles
@: no status effects
A: horns 2, retaliatory headbutt
a: no special abilities


You were on level 3 of the Dungeon.
You visited 1 branch of the dungeon, and saw 3 of its levels.

You collected 120 gold pieces.

Inventory:

Hand Weapons
 a - a +0 war axe (weapon)
Missiles
 l - 6 boomerangs
 m - 5 silver javelins
Armour
 b - a +0 scale mail (worn)
 c - a +0 buckler (worn)
 j - a scarf of repulsion (worn)
Jewellery
 h - an amulet of magic regeneration
Wands
 f - a wand of flame (24)
Scrolls
 e - a scroll of identify
 g - 2 scrolls of torment {unknown}
 k - a scroll of noise {unknown}
Potions
 d - a potion of might
 i - a potion of brilliance


   Skills:
 + Level 4.2 Fighting
 + Level 3.1 Axes
 + Level 4.2 Armour
 + Level 4.2 Shields


You had 2 spell levels left.
You didn't know any spells.
Your spell library contained the following spells:

 Spells                   Type           Power      Damage    Failure   Level
 Kiss of Death            Conj/Necr      0%         2d5       86%         1
 Necrotise                Necr           0%         1d4       86%         1
 Confusing Touch          Hex            0%         N/A       99%         3
 Vampiric Draining        Necr           0%         2d6       99%         3
 Dispel Undead            Necr           0%         3d6       100%        4
 Agony                    Necr           0%         N/A       100%        5


Dungeon Overview and Level Annotations

Branches:
Dungeon (3/15)

Altars:
Xom

Shops:
D:1 =   D:2 [

Annotations:
D:3 Grinder


Innate Abilities, Weirdness & Mutations

You have a pair of horns on your head.
You reflexively headbutt those who attack you in melee.


Message History

Grinder shouts!
You barely miss Grinder. Grinder hits you.
You writhe in agony.
Grinder hits you but does no damage.
You closely miss Grinder. Grinder gestures at you.
Pain shoots through your body!
You hit Grinder but do no damage. Grinder hits you.
You closely miss Grinder. Grinder hits you.
Grinder blinks!
You are too injured to fight recklessly!
You are too injured to fight recklessly!
You are too injured to fight recklessly!
You are too injured to fight recklessly!
You are too injured to fight recklessly!
You barely miss Grinder. Grinder gestures at you.
You suddenly lose the ability to move!
Grinder hits you but does no damage. Grinder barely misses you.
You hear the rusting of a drain nearby.
Grinder blinks!
You can move again.
As you read the scroll labelled SYLEKHL HYROE, it crumbles to dust.
It is a scroll of identify.
i - a potion of brilliance You slash Grinder!
Grinder is moderately wounded.
Grinder hits you.
You are too injured to fight recklessly!
You are too injured to fight recklessly!
You are too injured to fight recklessly!
You are too injured to fight recklessly!
You are too injured to fight recklessly!
You slash Grinder! You headbutt Grinder.
Grinder is heavily wounded.
Grinder hits you.
* * * LOW HITPOINT WARNING * * *
Grinder gestures at you. Pain shoots through your body!
You die...
Grinder says, "Now the real fun starts!"

#########.. #.......#.#
#####.......###
####...'..........
..##.###.......###
#.##...†.###.....#
#.######.# #.###.# #.#
#.# #...... #..###@####
#.###..#### #....5....#
#......#### #######.#.#
######..... ...#.# #.####
#.#.#######.#############
..................>......
#.#####.##########.######
#.# ####.# #.# ###....#


You could see Grinder.

Vanquished Creatures
  Jessica (D:2)
  2 dart slugs
  An endoplasm (D:1)
  2 giant cockroaches (D:1)
  2 goblins (D:1)
  2 hobgoblins (D:1)
  2 quokkas
  2 ball pythons (D:1)
  3 bats
  3 frilled lizards
  3 kobolds (D:1)
  3 rats (D:1)
26 creatures vanquished.

Notes
Turn   | Place    | Note
-------+----------+-------------------------------------------
     0 | D:1      | Juicyj the Minotaur Fighter began the quest for the Orb.
     0 | D:1      | Reached XP level 1. HP: 19/19 MP: 0/0
    48 | D:1      | Found Pehima's Jewellery Emporium.
   170 | D:1      | Reached XP level 2. HP: 24/27 MP: 1/1
   309 | D:1      | Found a faded altar of an unknown god.
  1057 | D:2      | Noticed Jessica
  1071 | D:2      | Killed Jessica
  1072 | D:2      | Reached XP level 3. HP: 18/33 MP: 2/2
  1137 | D:2      | Found Duok's Armour Shoppe.
  1170 | D:2      | Found a shimmering altar of Xom.
  1607 | D:3      | Noticed Grinder
  1613 | D:3      | Paralysed by Grinder for 4 turns
  1621 | D:3      | Killed from afar by Grinder

Illustrated notes

Levels and vault maps discovered:
D:1:      grunt_arrival_crossed_arrows, layout_basic, serial_shops,
          nicolae_shop_pleasant_corner_grove, basic_ecumenical_altar,
          minmay_cut_off
D:2:      layout_rooms, basic_altar, serial_shops, nicolae_shop_window_shopping,
          uniq_jessica
D:3:      layout_basic, portal_sewer_entry_d, uniq_grinder, uniq_ijyb

Skill      XL: |  1  2 |
---------------+-------+-----
Armour         | 4 |  4.2
Fighting       | 4 |  4.2
Shields        | 4 |  4.2
Axes           | 3 |  3.1

Action                     || total
---------------------------++-------
  Melee: War axe           ||    66
         Headbutt          ||     8
    Use: Scroll            ||     1
 Armour: Scale mail        ||    32
  Dodge: Dodged            ||    29
         Repelled          ||     1
  Block: Buckler           ||    15

Table legend: (Time is in decaauts)
 A = Elapsed time spent in this place.
 B = Non-inter-level travel time spent in this place.
 C = Inter-level travel time spent in this place.
 D = Time resting spent in this place.
 E = Time spent auto-exploring this place.
 F = Levels seen in this place.
 G = Mean time per level.
                   A        B        C        D        E       F      G
               +--------+--------+--------+--------+--------+-----+--------+
         Total |   1656 |   1592 |     64 |      0 |   1335 |   3 |  552.0 |
       Dungeon |   1656 |   1592 |     64 |      0 |   1335 |   3 |  552.0 |
               +--------+--------+--------+--------+--------+-----+--------+

Top non-repeatable levels by time:
     D:1: 919 daAuts
     D:2: 478 daAuts
     D:3: 258 daAuts
